 Dungeon Crawl Stone Soup version 0.30-a0-799-g109b55a442 (webtiles) character file.

Game seed: 18052006312363076542

68 browni3141 the Vexing (level 4, -8/33 HPs)
             Began as a Formicid Hexslinger on Feb 21, 2023.
             Killed from afar by Ijyb (12 damage)
             ... with a puff of flame
             ... on level 4 of the Dungeon.
             The game lasted 00:03:49 (1607 turns).

browni3141 the Vexing (Formicid Hexslinger)         Turns: 1607, Time: 00:03:50

Health: -8/33      AC:  4    Str: 15    XL:     4   Next: 41%
Magic:  15/15      EV: 12    Int: 14    God:
Gold:   78         SH:  0    Dex: 14    Spells: 2/6 levels left

rFire   . . .      SeeInvis +    a - +1 sling
rCold   . . .      Faith    .    (no shield)
rNeg    + . .      Spirit   .    f - +0 leather armour
rPois   .          Reflect  +    (helmet unavailable)
rElec   .          Harm     .    (no cloak)
rCorr   .          Rampage  .    t - +0 pair of gloves
Will    .....                    (no boots)
Stlth   +                        e - amulet of reflection
HPRegen 0.25/turn                k - ring of magical power
MPRegen 0.14/turn                o - ring of positive energy

@: confused, mighty, ambrosia-drunk
A: permanent stasis, dig shafts and tunnels, antennae 3, four strong arms
a: Dig, Shaft Self


You were on level 4 of the Dungeon.
You visited 1 branch of the dungeon, and saw 4 of its levels.

You collected 78 gold pieces.

Inventory:

Hand Weapons
 a - a +1 sling (weapon)
Missiles
 i - 5 poisoned darts
 u - 3 curare-tipped darts
Armour
 c - a +0 robe
 f - a +0 leather armour (worn)
 s - a +0 chain mail
 t - a +0 pair of gloves (worn)
Jewellery
 e - an amulet of reflection (around neck)
 h - an amulet of the acrobat
 k - a ring of magical power (left hand)
 o - a ring of positive energy (right hand)
 p - a ring of resist corrosion
 q - an amulet of magic regeneration
Scrolls
 d - a scroll of enchant armour {unknown}
 j - a scroll of fear {unknown}
 n - a scroll of amnesia {unknown}
 r - a scroll of teleportation {unknown}
Potions
 m - a potion of curing {unknown}


   Skills:
 - Level 2.0 Fighting
 * Level 2.6 Ranged Weapons
 * Level 0.1 Armour
 * Level 2.2 Dodging
 * Level 0.4 Stealth
 * Level 1.8 Spellcasting
 * Level 4.1 Hexes
 * Level 0.4 Fire Magic


You had 2 spell levels left.
You knew the following spells:

 Your Spells              Type           Power      Damage    Failure   Level
a - Slow                  Hex            48%        N/A       5%          1
b - Inner Flame           Hex/Fire       7%         N/A       34%         3

Your spell library contained the following spells:

 Spells                   Type           Power      Damage    Failure   Level
 Portal Projectile        Hex/Tloc       14%        N/A       36%         3
 Cause Fear               Hex            6%         N/A       47%         4


Dungeon Overview and Level Annotations

Branches:
Dungeon (4/15)
 Temple: D:4-7

Altars:

Annotations:
D:4 Ijyb


Innate Abilities, Weirdness & Mutations

You cannot be hasted, slowed, berserked, paralysed or teleported.
You can dig through walls and to a lower floor.
You have a pair of large antennae on your head. (SInv)
Your four strong arms can wield two-handed weapons with a shield.


Message History

The orc priest closely misses you. The orc attacks as you move away!
The orc completely misses you.
The orc priest attacks as you move away!
The orc priest hits you with a +0 falchion.
* * * LOW HITPOINT WARNING * * *
There is a stone staircase leading down here.
You climb downwards.
The adder hisses angrily.
Found a scroll of identify.
There is a stone staircase leading up here.
Press: ? - help, v - describe, . - travel
Here: Ijyb, wielding a +0 club, wearing a +0 leather armour and carrying a wand of flame (15)
The floor.
Unknown command.
It was a potion of might.
You feel very mighty all of a sudden. You block the orc priest's attack.
Really read the scroll of poison?
The air fills with toxic fumes!
As you read the scroll of poison, it crumbles to dust.
You block the orc priest's attack.
Ijyb zaps a wand.
The puff of flame hits you but does no damage.
You shoot a sling bullet.
The sling bullet barely misses the orc priest.
The orc priest hits you with a +0 falchion!
* * * LOW HITPOINT WARNING * * *
It was a potion of ambrosia.
You are confused.
You feel invigorated.
The orc priest hits you with a +0 falchion.
* * * LOW HITPOINT WARNING * * *
Ijyb screams, "I cut your head off!" The orc priest closely misses you.
The orc priest mumbles some strange prayers to Beogh against you.
Beogh smites you!
* * * LOW HITPOINT WARNING * * *
The orc priest hits you with a +0 falchion.
* * * LOW HITPOINT WARNING * * *
Ijyb zaps a wand.
The puff of flame hits you!
You die...

#☼§§§§§
§§§☼§§§##
§§☼§§§☼§#
§☼§☼§☼☼§#
#§§g§☼§#
#§§§§§##
#§☼§☼§☼#
#§§S§@§#
#§☼§§###o☼§§§#
§§§ #☼☼§§§§ #
§§§§§§ §§§§☼
§☼☼§§ §§§§
☼§☼§


You could see Ijyb, an orc priest and an adder.

Vanquished Creatures
  An adder (D:2)
  A dart slug (D:2)
  2 orcs
  4 bats
  4 endoplasms
  5 giant cockroaches
  3 goblins
  4 hobgoblins
  6 jackals
  2 kobolds
  3 quokkas
  4 ball pythons
  4 frilled lizards
  6 rats
49 creatures vanquished.

Notes
Turn   | Place    | Note
-------+----------+-------------------------------------------
     0 | D:1      | browni3141 the Formicid Hexslinger began the quest for the
                  | Orb.
     0 | D:1      | Reached XP level 1. HP: 15/15 MP: 2/2
   148 | D:1      | Reached XP level 2. HP: 5/21 MP: 1/3
   853 | D:2      | Reached XP level 3. HP: 20/26 MP: 5/5
  1071 | D:2      | Reached skill level 4 in Hexes
  1224 | D:2      | Learned a level 3 spell: Inner Flame
  1312 | D:2      | Reached XP level 4. HP: 33/33 MP: 6/6
  1600 | D:4      | Noticed Ijyb
  1607 | D:4      | Killed from afar by Ijyb

Illustrated notes

Levels and vault maps discovered:
D:1:      heliophobic_arrival_ceremonial_halls, layout_basic,
          chequers_decorated_corner, minmay_crystal_water
D:2:      minmay_chambers_of_ones, layout_rooms
D:3:      layout_basic, chequers_ecumenical_altar_simple,
          uniq_crazy_yiuf_cottage
D:4:      layout_layer_cave, minmay_temple_entry_hall, serial_shops, shop,
          uniq_ijyb

Skill      XL: |  1  2  3  4 |
---------------+-------------+-----
Dodging        | 2 |  2.2
Hexes          | 4 |  4.1
Fighting       | 2 |  2.0
Ranged Weapons | |  2.6
Armour         | |  0.1
Stealth        | |  0.4
Spellcasting   | |  1.8
Fire Magic     | |  0.4

Action                     |  1- 3 |  4- 6 || total
---------------------------+-------+-------++-------
   Fire: Sling             |   144 |    47 ||   191
   Cast: Slow              |     2 |       ||     2
    Use: Scroll            |     1 |     1 ||     2
         Potion            |       |     2 ||     2
 Armour: Robe              |     1 |       ||     1
         Leather armour    |    25 |     6 ||    31
  Dodge: Dodged            |    71 |    19 ||    90
  Block: Other             |    20 |     8 ||    28
         Reflection        |     1 |       ||     1

Table legend: (Time is in decaauts)
 A = Elapsed time spent in this place.
 B = Non-inter-level travel time spent in this place.
 C = Inter-level travel time spent in this place.
 D = Time resting spent in this place.
 E = Time spent auto-exploring this place.
 F = Levels seen in this place.
 G = Mean time per level.
                   A        B        C        D        E       F      G
               +--------+--------+--------+--------+--------+-----+--------+
         Total |   1666 |   1585 |     81 |     78 |   1063 |   4 |  416.5 |
       Dungeon |   1666 |   1585 |     81 |     78 |   1063 |   4 |  416.5 |
               +--------+--------+--------+--------+--------+-----+--------+

Top non-repeatable levels by time:
     D:1: 860 daAuts
     D:2: 638 daAuts
     D:3: 161 daAuts
     D:4: 7 daAuts
